 Dungeon Crawl Stone Soup version 0.31-a0-1242-g57893ffec4 (webtiles) character file.

Game seed: 10733372525413368568

102507 James the Brawler (level 15, -12/250 HPs)
             Began as a Troll Gladiator on Dec 16, 2023.
             Was an Initiate of Gozag.
             Mangled by a death knight
             ... wielding a +0 broad axe
              (20 damage)
             ... on level 13 of the Dungeon.
             The game lasted 01:13:28 (20254 turns).

James the Brawler (Troll Gladiator)                Turns: 20254, Time: 01:13:29

Health: -12/250    AC: 12    Str: 36    XL:     15   Next: 86%
Magic:  14/14      EV: 16    Int:  2    God:    Gozag
Gold:   3792       SH:  0    Dex: 13    Spells: 14/14 levels left

rFire   . .          .
                       - Unarmed
rCold   . . .        (no shield)
rNeg    . . .        a - +0 swamp dragon scales
rPois   +            b - +1 hat
rElec   .            Y - +1 cloak {rCorr}
rCorr   +            (gloves unavailable)
SInv    .            (boots unavailable)
Will    .....        T - amulet of regeneration Stlth
                     S - +5 ring of evasion
HPRegen 2.21/turn    q - +6 ring of strength
MPRegen 0.14/turn

%: no passive effects
@: berserking (expiring), weak-willed, gold aura, slowed
A: large, unfitting armour, claws 3, regeneration 1, shaggy fur 1, tough skin 1,
dopey 1
a: Renounce Religion, Potion Petition, Call Merchant, Bribe Branch


You were on level 13 of the Dungeon.
You worshipped Gozag.
Gozag was most pleased with you.
You visited 4 branches of the dungeon, and saw 21 of its levels.
You also visited: Ice Cave.

You collected 7594 gold pieces.
You spent 235 gold pieces at shops.
You paid 3567 gold pieces to Gozag.

Inventory:

Hand Weapons
 e - the +7 demon trident "Fiwoll" {vamp, rN+ Will+ MP+9}
   (You found it on level 5 of the Lair of Beasts)

   rN+:       It protects you from negative energy.
   Will+:     It increases your willpower.
   MP+9:      It affects your magic capacity (+9).
 g - a +3 longbow of flaming
   (You took it off Nessos on level 3 of the Lair of Beasts)
 k - a +3 scimitar of flaming
   (You took it off Erica on level 1 of the Lair of Beasts)
 s - a +0 sling of electrocution
   (You found it on level 9 of the Dungeon)
Missiles
 c - 7 throwing nets {!f}
 A - 23 poisoned darts
 B - a silver javelin
 I - 8 large rocks (quivered)
 L - 10 javelins
 M - 24 boomerangs
Armour
 a - +0 swamp dragon scales (worn)
   (You took it off Maggie on level 1 of the Lair of Beasts)
 b - a +1 hat (worn)
 Y - a +1 cloak of preservation (worn)
   (You bought it in a shop on level 7 of the Dungeon)
Jewellery
 f - a +6 ring of strength
   (You found it on level 12 of the Dungeon)
 i - a ring of protection from fire
   (You found it on level 8 of the Dungeon)
 q - a +6 ring of strength (right claw)
   (You found it on level 2 of the Dungeon)
 v - an amulet of guardian spirit
   (You found it on level 2 of the Dungeon)
 y - a ring of flight
   (You found it on level 10 of the Dungeon)
 E - a ring of protection from cold
   (You found it on level 4 of the Dungeon)
 H - a ring of positive energy
   (You found it on level 5 of the Dungeon)
 S - a +5 ring of evasion (left claw)
   (You found it on level 7 of the Dungeon)
 T - an amulet of regeneration (around neck)
   (You found it on level 8 of the Dungeon)
Talismans
 U - a maw talisman
   (You found it on level 2 of the Lair of Beasts)
Wands
 t - a wand of flame (45)
   (You found it on level 8 of the Dungeon)
 u - a wand of paralysis (17)
   (You found it on level 11 of the Dungeon)
 z - a wand of light (8)
   (You found it on level 5 of the Lair of Beasts)
 C - a wand of polymorph (5)
   (You found it on level 9 of the Dungeon)
 N - a wand of roots (10)
   (You found it on level 8 of the Dungeon)
 Q - a wand of mindburst (14)
   (You found it on level 6 of the Dungeon)
Scrolls
 d - 2 scrolls of revelation
 h - 3 scrolls of immolation {!r}
 m - 9 scrolls of teleportation {@r4}
 D - a scroll of fog
 R - a scroll of silence
 X - a scroll of acquirement
 Z - 4 scrolls of enchant weapon {unknown}
Potions
 j - a potion of invisibility
 n - 4 potions of curing {@q1}
 o - a potion of berserk rage
 p - 4 potions of brilliance
 r - 3 potions of mutation {!q}
 w - 5 potions of haste {@q3}
 x - 3 potions of enlightenment
 F - a potion of experience
 G - 4 potions of lignification {!q}
 J - 3 potions of might
 K - a potion of magic
 O - 3 potions of heal wounds {@q2}
 P - 2 potions of ambrosia
 W - 2 potions of resistance
Miscellaneous
 l - a tin of tremorstones (2/2)
   (You found it on level 4 of the Lair of Beasts)


   Skills:
 - Level 15.0 Fighting
 - Level 2.0 Throwing
 - Level 6.0 Dodging
 + Level 19.3 Unarmed Combat
 - Level 10.0 Shapeshifting


You had 14 spell levels left.
You didn't know any spells.
Your spell library contained the following spells:

 Spells                   Type           Power      Damage    Failure   Level
 Kiss of Death            Conj/Necr      0%         2d5       65%         1
 Magic Dart               Conj           0%         1d3       65%         1
 Sandblast                Erth           0%         2d4       65%         1
 Sting                    Tmut/Pois      0%         1d3       65%         1
 Call Imp                 Summ           0%         N/A       80%         2
 Passwall                 Tmut/Erth      0%         N/A       80%         2
 Poisonous Vapours        Pois/Air       0%         N/A       80%         2
 Confusing Touch          Hex            0%         N/A       95%         3
 Hailstorm                Conj/Ice       0%         3d5       95%         3
 Mephitic Cloud           Conj/Pois/Air  0%         N/A       95%         3
 Ozocubu's Armour         Ice            0%         N/A       95%         3
 Stone Arrow              Conj/Erth      0%         3d7       95%         3
 Animate Armour           Summ/Erth      0%         N/A       100%        4
 Brom's Barrelling Bould  Conj/Erth      0%         2d3       100%        4
 Cause Fear               Hex            0%         N/A       100%        4
 Dispel Undead            Necr           0%         3d6       100%        4
 Olgreb's Toxic Radiance  Pois           0%         N/A       100%        4
 Passage of Golubria      Tloc           0%         N/A       100%        4
 Summon Ice Beast         Ice/Summ       0%         N/A       100%        4
 Fireball                 Conj/Fire      0%         3d3       100%        5
 Iskenderun's Battlesphe  Conj           0%         2d6       100%        5
 Silence                  Hex/Air        0%         N/A       100%        5
 Conjure Ball Lightning   Conj/Air       0%         3x3d6     100%        6
 Orb of Destruction       Conj           0%         9d5       100%        7
 Ozocubu's Refrigeration  Ice            0%         4d7       100%        7
 Lehudib's Crystal Spear  Conj/Erth      0%         10d2      100%        8
 Dragon's Call            Summ           0%         N/A       100%        9
 Simulacrum               Ice/Necr       Unusable   N/A       N/A         6

Dungeon Overview and Level Annotations

Branches:
Dungeon (13/15)            Temple (1/1) D:6            Lair (5/5) D:9
 Shoals (0/4) Lair:2        Snake (0/4) Lair:2        Slime (0/5) Lair:4
    Orc (2/2) D:9             Elf (0/3) Orc:2         IceCv (visited)
 Vaults: D:13-14

Altars:
Ashenzari
Cheibriados
Dithmenos
Elyvilon
Fedhas
Gozag
Hepliaklqana
Kikubaaqudgha
Makhleb
Nemelex Xobeh
Okawaru
Qazlal
Ru
Sif Muna
Trog
Uskayaw
Vehumet
Wu Jian
Xom
Yredelemnul
Zin
The Shining One

Shops:
D:1 ?   D:7 [   D:9 (   Orc:2 :[(*   Lair:4 [=

Annotations:
Lair:2 1 runed translucent door, Qyl Quxo's ghost, journeyman GrEE


Innate Abilities, Weirdness & Mutations

You are too large for most types of armour.
You have claws for hands.
Your natural rate of healing is unusually fast.
You are covered in fur. (AC +1)
You have tough skin. (AC +1)
You are dopey. (Int -2)


Message History

The freezing wraith is distracted by your dazzling golden aura.
The death knight hits you with a +0 broad axe!!
* * * LOW HITPOINT WARNING * * *
You claw the freezing wraith! You claw the freezing wraith!!
The freezing wraith barely misses you. The freezing wraith hits you.
* * * LOW HITPOINT WARNING * * *
You mangle the freezing wraith!!
You destroy the freezing wraith!
The death knight hits you with a +0 broad axe.
* * * LOW HITPOINT WARNING * * *
You see here 3 gold pieces.
Unknown command.
You completely miss the freezing wraith.
The freezing wraith is no longer distracted by gold.
The death knight hits you with a +0 broad axe!!
* * * LOW HITPOINT WARNING * * *
You closely miss the freezing wraith.
Unknown command.
You barely miss the freezing wraith.
The death knight's dark mirror aura disappears.
The freezing wraith hits you.
* * * LOW HITPOINT WARNING * * *
The freezing wraith freezes you!!
* * * LOW HITPOINT WARNING * * *
The freezing wraith hits you!
* * * LOW HITPOINT WARNING * * *
The freezing wraith drains your vigour!
You feel yourself slow down.
You eviscerate the freezing wraith!!!
You destroy the freezing wraith!
The death knight barely misses you.
You eviscerate the death knight!!!
The death knight invokes the aid of Yredelemnul against you.
Your body is wracked with pain!
* * * LOW HITPOINT WARNING * * *
You mangle the death knight!! You barely miss the death knight.
The death knight is distracted by your dazzling golden aura.
The death knight shouts!
You claw the death knight!
The death knight is no longer distracted by gold.
The death knight hits you with a +0 broad axe!!
* * * LOW HITPOINT WARNING * * *
You closely miss the death knight.
Unknown command.
You barely miss the death knight. The death knight closely misses you.
You closely miss the death knight.
The death knight hits you with a +0 broad axe!!
You die...
Your body crumbles into a pile of gold.

*,,,,...............,,,,,**,
*,,,................,|,,****
*,,,............#...,,,** *
#.................******
#................** *
#..............#** **
**#.............#* ***,
*,#...........$## *,,,
**...........@p.##### *,,,
*#..........$......# *,,,
*#................# *,,,
**##.....####......# *,,,
**,,#.....## ###....# *,**
**,.....##..## *###.# ***
*,,)...#*##..## *##
**,,....* ##..## *,,,...**
##...###


You could see a death knight.

Vanquished Creatures
  Gastronok (Lair:3)
  A frost giant (IceCv)
  An orc warlord (Orc:1)
  Nessos (Lair:3)
  Josephine (D:11)
  A merfolk avatar (Lair:5)
  An ogre mage (Orc:2)
  7 hydras
  A boulder beetle (D:11)
  Erica (Lair:1)
  8 two-headed ogres
  21 death yaks
  An orc high priest (Orc:2)
  Urug (Orc:1)
  Amaemon (Lair:3)
  3 skysharks (Lair:5)
  3 skeletal warriors (D:13)
  A phantasmal warrior (D:13)
  A deep elf pyromancer (D:13)
  4 orc knights
  A salamander (Lair:2)
  3 orc sorcerers
  A cyclops (D:12)
  40 elephants
  A manticore (D:13)
  4 black mambas
  2 torpor snails (Lair:5)
  A kobold blastminer (Orc:2)
  An ice statue (IceCv)
  An orange demon (Lair:3)
  3 gargoyles
  2 merfolk sirens (Lair:2)
  An unseen horror (D:13)
  27 cane toads
  8 komodo dragons
  Jeremiah (D:7)
  Maggie (Lair:1)
  A rime drake (shapeshifter) (D:13)
  2 freezing wraiths (D:13)
  8 rime drakes
  2 kobold demonologists
  2 ice devils (D:12)
  4 trolls
  2 merfolk (Lair:2)
  3 hornets (Lair:5)
  A wind drake (Lair:5)
  9 polar bears
  A wolf spider simulacrum (D:12)
  2 snapping turtles (Lair:5)
  13 blink frogs
  12 slime creatures
  2 water elementals (D:12)
  5 centaur simulacra (D:12)
  A vampire (D:11)
  6 wyverns
  8 wraiths
  46 yaks
  2 basilisks
  3 steam dragons
  An acid dragon (D:9)
  11 water moccasins
  11 wargs
  A meliai simulacrum (D:12)
  22 orc warriors
  3 sky beasts (D:7)
  5 black bears
  5 ice beasts (D:12)
  7 ogres
  25 wolves
  2 centaurs
  A phantom (D:6)
  2 kobold brigands
  17 bullfrogs
  3 scorpions
  10 wights (D:8)
  11 killer bees
  8 howler monkeys
  3 vampire bats (D:3)
  4 electric eels
  2 hounds
  10 jellies
  11 orc priests
  2 gnoll boudas
  5 iguanas
  21 orc wizards
  A mummy (D:5)
  7 adders
  20 gnolls
  A shadow imp (D:7)
  9 white imps
  3 ufetubi (D:12)
  2 worms
  65 orcs
  4 ball pythons
  6 bats
  5 bat skeletons (D:3)
  8 endoplasms
  A giant cockroach (D:1)
  4 goblins
  2 hobgoblins
  4 jackals
  2 quokkas
  3 training dummies (D:9)
  2 frilled lizards (D:1)
  A hobgoblin zombie (D:5)
  11 kobolds
  3 orc zombies (D:5)
  7 rats
667 creatures vanquished.

Vanquished Creatures (others)
  A polar bear (IceCv)
  2 orcs
3 creatures vanquished.

Grand Total: 670 creatures vanquished

Notes
Turn   | Place    | Note
-------+----------+-------------------------------------------
     0 | D:1      | James the Troll Gladiator began the quest for the Orb.
     0 | D:1      | Reached XP level 1. HP: 19/19 MP: 0/0
     6 | D:1      | Noticed a crocodile
     6 | D:1      | Noticed a black bear
     6 | D:1      | Noticed a boulder beetle
     7 | D:1      | Noticed a swamp drake
     7 | D:1      | Noticed a lindwurm
   120 | D:1      | Found a faded altar of an unknown god.
   140 | D:1      | Reached XP level 2. HP: 26/27 MP: 1/1
   349 | D:1      | Found The Oracle's Delphic Readings.
   701 | D:2      | Reached skill level 4 in Unarmed Combat
   754 | D:1      | Bought a scroll of teleportation for 33 gold pieces
  1117 | D:2      | Reached XP level 3. HP: 33/33 MP: 2/2
  1223 | D:2      | Reached XP level 4. HP: 10/41 MP: 3/3
  1427 | D:3      | Reached skill level 5 in Unarmed Combat
  1540 | D:3      | Reached XP level 5. HP: 39/48 MP: 4/4
  1561 | D:3      | Found a blossoming altar of Fedhas.
  1598 | D:3      | Reached skill level 6 in Unarmed Combat
  1712 | D:3      | Found an ancient bone altar of Kikubaaqudgha.
  1717 | D:3      | Reached XP level 6. HP: 55/55 MP: 5/5
  1719 | D:3      | Reached skill level 7 in Unarmed Combat
  2438 | D:4      | Found a broken altar of Ashenzari.
  2538 | D:4      | Reached skill level 8 in Unarmed Combat
  2817 | D:5      | Entered Level 5 of the Dungeon
  2859 | D:5      | Reached XP level 7. HP: 65/65 MP: 6/6
  3462 | D:5      | Reached XP level 8. HP: 68/79 MP: 7/7
  3613 | D:5      | Reached skill level 5 in Fighting
  4171 | D:6      | Reached skill level 9 in Unarmed Combat
  4243 | D:6      | Found a staircase to the Ecumenical Temple.
  4273 | Temple   | Entered the Ecumenical Temple
  4290 | Temple   | Became a worshipper of Gozag Ym Sagoz the Greedy
  4539 | D:6      | Reached skill level 10 in Unarmed Combat
  4927 | D:6      | Found a hazy altar of Hepliaklqana.
  5027 | D:7      | Reached XP level 9. HP: 89/89 MP: 8/8
  5172 | D:7      | Noticed Jeremiah
  5386 | D:7      | Killed Jeremiah
  6004 | D:7      | Found Etamas's Antique Armour Shoppe.
  6426 | D:7      | Bought an embroidered cloak for 202 gold pieces
  6630 | D:8      | Found a sparkling altar of Nemelex Xobeh.
  6687 | D:8      | Reached skill level 11 in Unarmed Combat
  6737 | D:8      | Reached XP level 10. HP: 102/103 MP: 9/9
  6915 | D:8      | Found a bloodstained altar of Trog.
  7068 | D:9      | Noticed a sun demon
  7078 | D:9      | Reached skill level 12 in Unarmed Combat
  7162 | D:9      | Noticed a two-headed ogre
  7169 | D:9      | Killed a two-headed ogre
  7187 | D:9      | Found a white marble altar of Elyvilon.
  7210 | D:9      | Found a staircase to the Lair.
  7316 | D:9      | Found a staircase to the Orcish Mines.
  7349 | D:9      | Found Cikhid's Firing Range.
  7429 | D:9      | Reached skill level 10 in Fighting
  7801 | D:10     | Entered Level 10 of the Dungeon
  7841 | D:10     | Found a shimmering blue altar of Sif Muna.
  7847 | D:10     | Identified the +4 dagger "Zetenn" {protect, ^Drain Int+2
                  | Dex+3}
  7884 | D:10     | Noticed a gargoyle
  7887 | D:10     | Killed a gargoyle
  8046 | D:10     | Reached XP level 11. HP: 94/117 MP: 10/10
  8673 | D:11     | Noticed a two-headed ogre
  8676 | D:11     | Killed a two-headed ogre
  8677 | D:11     | Reached skill level 13 in Unarmed Combat
  8706 | D:11     | Noticed a boulder beetle
  8717 | D:11     | Killed a boulder beetle
  8789 | D:11     | Noticed a two-headed ogre
  8799 | D:11     | Killed a two-headed ogre
  8827 | D:11     | Noticed a two-headed ogre
  8832 | D:11     | Killed a two-headed ogre
  8833 | D:11     | Reached skill level 14 in Unarmed Combat
  8957 | D:11     | Noticed Josephine
  8973 | D:11     | Killed Josephine
  9155 | Lair:1   | Entered Level 1 of the Lair of Beasts
  9299 | Lair:1   | Noticed Erica
  9304 | Lair:1   | Killed Erica
  9428 | Lair:1   | Noticed Maggie
  9480 | Lair:1   | Killed Maggie
  9588 | Lair:1   | Reached XP level 12. HP: 69/130 MP: 11/11
  9597 | Lair:1   | Reached skill level 15 in Unarmed Combat
 10327 | Lair:2   | Found a runed translucent door.
 10327 | Lair:2   | Found a shimmering altar of Xom.
 10327 | Lair:2   | Noticed Qyl Quxo's ghost (journeyman GrEE)
 10361 | Lair:2   | Reached skill level 16 in Unarmed Combat
 10389 | Lair:2   | Found a staircase to the Shoals.
 10471 | Lair:2   | Noticed a death yak
 10471 | Lair:2   | Noticed a death yak
 10493 | Lair:1   | Killed a death yak
 10513 | Lair:2   | Noticed a death yak
 10527 | Lair:2   | Killed a death yak
 10529 | Lair:2   | Noticed a death yak
 10530 | Lair:2   | Noticed a death yak
 10531 | Lair:2   | Noticed a death yak
 10535 | Lair:2   | Killed a death yak
 10543 | Lair:1   | Killed a death yak
 10832 | Lair:2   | Found a staircase to the Snake Pit.
 11114 | Lair:2   | Killed a death yak
 11117 | Lair:2   | Killed a death yak
 11118 | Lair:2   | Reached skill level 17 in Unarmed Combat
 11245 | Lair:2   | Noticed an eight-headed hydra
 11255 | Lair:2   | Killed a 13-headed hydra
 11256 | Lair:2   | Reached XP level 13. HP: 105/140 MP: 12/12
 11714 | Lair:3   | Noticed Gastronok
 11758 | Lair:3   | Noticed Amaemon
 11885 | Lair:3   | Killed Amaemon
 11896 | Lair:3   | Killed Gastronok
 11948 | Lair:3   | Noticed Nessos
 11949 | Lair:3   | Paralysed by Nessos for 5 turns
 12175 | D:12     | Found a frozen archway.
 12193 | IceCv    | Entered an ice cave
 12231 | IceCv    | Reached skill level 5 in Dodging
 12622 | IceCv    | Noticed a frost giant
 12666 | IceCv    | Killed a frost giant
 12735 | IceCv    | Reached skill level 18 in Unarmed Combat
 12772 | IceCv    | Identified the ring "Vitri" {Ice Str+2}
 13107 | D:12     | Reached XP level 14. HP: 153/153 MP: 13/13
 14107 | Lair:3   | Killed Nessos
 14311 | Lair:3   | Reached skill level 1 in Shapeshifting
 14635 | Lair:4   | Found a staircase to the Slime Pits.
 14829 | Lair:4   | Reached skill level 5 in Shapeshifting
 14893 | Lair:4   | Identified a scroll of acquirement
 15390 | Lair:5   | Entered Level 5 of the Lair of Beasts
 15896 | Lair:5   | Reached XP level 15. HP: 149/163 MP: 14/14
 16041 | Lair:5   | Reached skill level 10 in Shapeshifting
 16402 | Lair:5   | Identified the +7 demon trident "Fiwoll" {vamp, rN+ Will+
                  | MP+9}
 17178 | D:13     | Reached skill level 19 in Unarmed Combat
 17583 | Orc:1    | Entered Level 1 of the Orcish Mines
 17817 | Orc:2    | Entered Level 2 of the Orcish Mines
 17870 | Orc:2    | Noticed Urug
 17886 | Orc:2    | Paralysed by an orc sorcerer for 5 turns
 17965 | Orc:1    | HP: 2/165 [Urug/+2 eveningstar (26)]
 17970 | Orc:1    | Killed Urug
 18203 | Orc:2    | Gained mutation: You are dopey. (Int -2) [a neqoxec]
 18435 | Orc:1    | You fall into a shaft and drop 1 floor!
 18701 | Orc:2    | Reached skill level 15 in Fighting
 18888 | Orc:2    | Found Onomalae's Book Emporium.
 18917 | Orc:2    | Found Xysiog's Antique Weapon Emporium.
 19048 | Orc:2    | Found Hazoczo's General Store.
 19063 | Orc:2    | Found Qinkeec's Antique Armour Emporium.
 19185 | Orc:2    | Found a staircase to the Elven Halls.
 20251 | D:13     | HP: 3/250 [death knight/+0 broad axe (22)]
 20254 | D:13     | Mangled by a death knight

Illustrated notes

Levels and vault maps discovered:
D:1:      onia_arrival_zoo_common, layout_basic,
          shapermc_ecumenical_altar_acropolis, nicolae_nh_oracle_at_delphi
D:2:      layout_basic, minivault_27, minmay_tripent
D:3:      layout_loops_ring, old_standard_altar, kennysheep_vampire_church
D:4:      layout_loops_cross, cheibrodos_ashenzari_chains
D:5:      layout_loops_ring, kennysheep_pointless_box, nicolae_hexahallways,
          minmay_fountain_box, minmay_mini_ossuary
D:6:      layout_basic, mainiacjoe_overflow_six_doors_small,
          minmay_temple_entry_mini_moons
D:7:      layout_layer_cave, serial_shops, nicolae_lakefront_shop,
          hangedman_minor_gate_pass, uniq_jeremiah
D:8:      layout_cave_pools, nemelex_xobeh_ov_fountains_minmay,
          trog_butcher_becter, lightli_minifort
D:9:      layout_basic, nicolae_elyvilon_peaceful_grove, dpeg_oklobed_lair,
          minmay_orc_entry_guard_dogs, nicolae_shop_firing_range
D:10:     layout_roguey, nicolae_sif_muna_condensation
D:11:     layout_rooms, uniq_josephine
D:12:     layout_irregular_city, serial_ice, serial_ice_i, serial_ice_b,
          serial_ice_c, serial_ice_m, serial_ice_e, serial_ice_f, serial_ice_g,
          serial_ice_n, serial_ice_o, serial_ice_d,
          portal_ice_cave_demonic_guard
D:13:     layout_cave_pods
Temple:   eino_narrow_crystal_temple
Lair:1:   layout_concentric_octagons, uniq_erica, uniq_maggie
Lair:2:   layout_cave_shapes, elwin_shoals_entry_stream,
          alex1729_snake_entry_snake, ebering_ghost_xom, serial_bayou_pond_a,
          hellmonk_talismancer
Lair:3:   layout_loops_ring, beast_lair_carwin_8, uniq_nessos, uniq_amaemon,
          uniq_gastronok
Lair:4:   layout_long_grid, slime_entry_1, serial_bayou_shore_b,
          serial_bayou_shore_b, lemuel_fruit_tree, grunt_megastairs_3,
          lemuel_fruit_fields
Lair:5:   gammafunk_lair_ancient_temple, layout_cave_pods, columned_hall_lemuel
Orc:1:    layout_diamond_mine
Orc:2:    grunt_orc_cross, layout_caves

Skill      XL: |  1  2  3  4  5  6  7  8  9 10 11 12 13 14 15 |
---------------+----------------------------------------------+-----
Unarmed Combat | 4 5 6 8 10 11 12 14 17 18 19 | 19.3
Fighting       | 2 4 5 8 10 11 12 13 14 15 | 15.0
Throwing       | 2 |  2.0
Dodging        | 3 6 |  6.0
Shapeshifting  | 9 10 | 10.0

Action                     |  1- 3 |  4- 6 |  7- 9 | 10-12 | 13-15 || total
---------------------------+-------+-------+-------+-------+-------++-------
  Melee: Unarmed           |    80 |   117 |   275 |   375 |   967 ||  1814
         Punch             |     2 |     2 |     8 |    21 |   116 ||   149
         Scimitar          |       |       |       |       |    17 ||    17
         Maw               |       |       |       |       |     2 ||     2
  Throw: Dart              |       |       |    13 |    11 |       ||    24
         Large rock        |       |       |     3 |    15 |    16 ||    34
 Invoke: Call Merchant     |       |       |       |       |     2 ||     2
         Potion Petition   |       |       |       |       |     5 ||     5
    Use: Scroll            |       |     7 |     9 |     2 |     9 ||    27
         Potion            |       |       |       |     2 |     7 ||     9
   Stab: Sleeping          |     2 |       |       |       |       ||     2
         Invisible         |       |       |       |     2 |       ||     2
         Distracted        |       |       |       |       |     7 ||     7
 Armour: Robe              |    31 |    64 |   135 |   102 |       ||   332
         Swamp dragon scal |       |       |       |    93 |   723 ||   816
         Skin              |       |       |       |       |    14 ||    14
  Dodge: Dodged            |    26 |    55 |   108 |   200 |   676 ||  1065
  Block: Other             |    15 |    21 |    41 |       |       ||    77
         Reflection        |       |       |     2 |       |       ||     2
         Form:             |       |       |       |       |     1 ||     1
         Maw               |       |       |       |       |     1 ||     1

Table legend: (Time is in decaauts)
 A = Elapsed time spent in this place.
 B = Non-inter-level travel time spent in this place.
 C = Inter-level travel time spent in this place.
 D = Time resting spent in this place.
 E = Time spent auto-exploring this place.
 F = Levels seen in this place.
 G = Mean time per level.
                   A        B        C        D        E       F      G
               +--------+--------+--------+--------+--------+-----+--------+
         Total |  19855 |  18175 |   1680 |   1389 |  11491 |  22 |  902.5 |
       Dungeon |  11577 |  10509 |   1068 |    651 |   7194 |  13 |  890.5 |
        Temple |     32 |     18 |     14 |      0 |      0 |   1 |   32.0 |
          Lair |   5671 |   5249 |    422 |    363 |   3228 |   5 | 1134.2 |
  Orcish Mines |   1931 |   1756 |    175 |    275 |    834 |   2 |  965.5 |
      Ice Cave |    642 |    642 |      0 |     99 |    235 |   1 |  642.0 |
               +--------+--------+--------+--------+--------+-----+--------+

Top non-repeatable levels by time:
  Lair:1: 1446 daAuts
  Lair:5: 1363 daAuts
     D:7: 1307 daAuts
     D:6: 1283 daAuts
    D:12: 1136 daAuts
  Lair:2: 1089 daAuts
   Orc:2: 1022 daAuts
    D:13: 1011 daAuts
     D:5: 989 daAuts
  Lair:3: 954 daAuts
    D:10: 913 daAuts
   Orc:1: 909 daAuts
     D:9: 877 daAuts
  Lair:4: 817 daAuts
     D:2: 732 daAuts
